 Dungeon Crawl Stone Soup version 0.26-a0-969-g2c58977ddd (console) character file.

Game seed: 14082282188756996017

20395 Ignak the Fighter (level 12, -3/132 HPs)
             Began as an Ogre Hedge Wizard on Dec 4, 2020.
             Was a High Priest of Okawaru.
             Killed by divine providence
             ... invoked by an orc priest
              (12 damage)
             ... while paralysed by an orc sorcerer
             ... on level 2 of the Orcish Mines.
             The game lasted 00:42:26 (15560 turns).

Ignak the Fighter (Ogre Hedge Wizard)              Turns: 15560, Time: 00:42:26

Health: -3/132     AC: 13    Str: 20    XL:     12   Next: 79%
Magic:  19/22      EV:  1    Int: 16    God:    Okawaru [*****.]
Gold:   1349       SH:  0    Dex: 10    Spells: 11/30 levels left

rFire    . . .     SeeInvis +   g - +4 giant spiked club (elec)
rCold    . . .     Faith    .   (shield currently unavailable)
rNeg     . . .     Spirit   .   s - +2 troll leather armour
rPois    +         Reflect  .   q - +2 hat {SInv}
rElec    .         Harm     .   (no cloak)
rCorr    .         Rampage  .   (gloves unavailable)
MR       +....     Clarity  +   (boots unavailable)
Stlth    +.........             w - amulet of regeneration
HPRegen  1.12/turn              i - +4 ring of protection
MPRegen  0.18/turn              o - ring of poison resistance

@: paralysed, lightly drained
A: large, unfitting armour, talons 1, agile 1, clarity, low mp 1, tough skin 1
a: Heroism, Finesse, Renounce Religion


You were on level 2 of the Orcish Mines.
You worshipped Okawaru.
Okawaru was extremely pleased with you.
You visited 4 branches of the dungeon, and saw 16 of its levels.

You collected 1446 gold pieces.
You spent 97 gold pieces at shops.

Inventory:

Hand Weapons
 g - a +4 giant spiked club of electrocution (weapon)
Missiles
 m - 6 curare-tipped darts (quivered)
 x - 31 poisoned darts
Armour
 d - a +2 robe of positive energy
 q - a +2 hat of see invisible (worn)
 s - a +2 troll leather armour (worn)
Magical Staves
 j - an uncursed staff of death
 z - an uncursed staff of earth
Jewellery
 b - an uncursed ring of wizardry
 i - a +4 ring of protection (left hand)
 o - a ring of poison resistance (right hand)
 w - an amulet of regeneration (around neck)
 B - an uncursed ring of protection from magic
Wands
 u - a wand of polymorph (12)
 v - a wand of digging (18)
 y - a wand of acid (2)
 C - a wand of iceblast (14)
Scrolls
 a - a scroll of amnesia
 f - 4 scrolls of teleportation
 h - 6 scrolls of remove curse
 l - a scroll of fear
 n - a scroll of magic mapping
 p - a scroll of immolation
 A - a scroll of identify
 D - 2 scrolls of blinking
Potions
 c - 2 potions of flight
 r - 9 potions of curing
 t - a potion of ambrosia
Miscellaneous
 e - a phial of floods


   Skills:
 + Level 12.1(11.4) Fighting
 + Level 8.9(8.3) Maces & Flails
 + Level 1.6(1.1) Armour
 + Level 9.0(8.4) Dodging
 - Level 1.4(0.9) Stealth
 - Level 1.0(0.5) Unarmed Combat
 + Level 9.5(8.8) Spellcasting
 - Level 3.4(2.9) Conjurations
 * Level 7.3(6.7) Hexes
 - Level 1.3(0.8) Summonings
 - Level 1.2(0.7) Translocations
 - Level 3.0(2.5) Transmutations


You had 11 spell levels left.
You knew the following spells:

 Your Spells              Type           Power        Failure   Level
a - Magic Dart            Conj           ###.         3%          1
b - Blink                 Tloc           N/A          14%         2
c - Swiftness             Air            #.......     19%         2
d - Mephitic Cloud        Conj/Pois/Air  ##......     24%         3
e - Call Imp              Summ           #.......     13%         2
f - Invisibility          Hex            ####....     75%         6
g - Wereblood             Tmut           ###.....     7%          2
z - Beastly Appendage     Tmut           ###...       4%          1

Your spell library contained the following spells:

 Spells                   Type           Power        Failure   Level
 Corona                   Hex            ####...      1%          1
 Slow                     Hex            ####....     1%          2
 Apportation              Tloc           #.....       9%          1
 Summon Small Mammal      Summ           #...         9%          1
 Passwall                 Tmut/Erth      ##......     11%         2
 Animate Skeleton         Necr           #.....       12%         1
 Conjure Flame            Conj/Fire      ##......     21%         3
 Spider Form              Tmut/Pois      ##........   22%         3
 Ice Form                 Ice/Tmut       ##......     58%         4
 Passage of Golubria      Tloc           N/A          65%         4
 Blade Hands              Tmut           ###.......   77%         5
 Lee's Rapid Deconstruct  Erth           #.........   98%         5


Dungeon Overview and Level Annotations

Branches:
Dungeon (12/15)            Temple (1/1) D:5            Lair (1/6) D:11
    Orc (2/2) D:11            Elf (0/3) Orc:2

Altars:
Ashenzari
Cheibriados
Dithmenos
Elyvilon
Fedhas
Gozag
Hepliaklqana
Kikubaaqudgha
Makhleb
Nemelex Xobeh
Okawaru
Qazlal
Ru
Sif Muna
Trog
Uskayaw
Vehumet
Wu Jian
Xom
Yredelemnul
Zin
The Shining One

Shops:
D:8 !   D:10 *   D:11 }

Annotations:
D:8 2 runed translucent doors, DungeonDestroyer's ghost, novice GnFi


Innate Abilities, Weirdness & Mutations

You are too large for most types of armour.
You have tough skin. (AC +1)
You have sharp toenails.
You are agile. (Dex +2)
You possess an exceptional clarity of mind.
Your magical capacity is low. (-10% MP)


Message History

The orc warrior hits you but does no damage.
The orc warrior no longer looks unusually strong.
The orc wizard no longer looks unusually strong.
An orc priest comes into view. It is wielding a +0 flail.
An orc priest comes into view. It is wielding a -1 hand axe.
The orc wizard hits you but does no damage.
The orc warrior laughs at nothing.
The orc sorcerer gestures at you while chanting.
The bolt of negative energy hits you!
You feel drained.
* * * LOW HITPOINT WARNING * * *
The orc warrior hits you with a +0 hand axe!
* * * LOW HITPOINT WARNING * * *
The orc priest calls down the wrath of Beogh upon you.
Beogh smites you!
* * * LOW HITPOINT WARNING * * *
The orc wizard completely misses you.
An orc warrior comes into view. It is wielding a +0 battleaxe.
The orc priest invokes the aid of Beogh against you.
Beogh smites you!
You die...

#.......[.#)#..###...#........
.........##.....[.....##.......
...........##...))..)...........
..........###...#)..............
.....>.... ##..)...............
........###)..................
#...... #...)................
##..... ##.#oo...............
##o@o...............
##o...##...........
.o.o..............
..o................ ###....o###
##### .oo..o.. # .o......#
....oo..#


You could see an orc knight (confused), an orc sorcerer, 5 orc warriors, 4 orc
priests, 3 orc wizards and an orc.

Vanquished Creatures
  Jorgrun (Orc:2)
  Gastronok (D:9)
  3 two-headed ogres
  An orc high priest (Orc:2)
  3 ugly things
  2 orc sorcerers
  2 cyclopes
  2 gargoyles (D:7)
  2 centaur skeletons
  A troll (Orc:1)
  Sigmund (D:6)
  A shadow (D:10)
  10 yaks
  3 wargs
  A water moccasin (D:6)
  16 orc warriors
  A black bear (D:10)
  4 ice beasts
  3 necrophages
  An eye of draining (D:9)
  5 sky beasts
  11 ogres
  6 centaurs
  A big kobold (D:7)
  9 bullfrogs
  A wyvern zombie (D:10)
  4 scorpions
  A wyvern skeleton (D:11)
  4 wights (D:10)
  9 howler monkeys
  6 electric eels (D:10)
  2 centaur zombies
  4 jellies
  2 bullfrog skeletons
  8 orc priests
  4 hounds
  21 orc wizards
  4 iguanas
  10 worker ants
  Terence (D:3)
  A hound zombie (D:9)
  A hound skeleton (D:6)
  3 worker ant zombies
  12 adders
  4 gnolls (D:8)
  2 shadow imps
  A white imp (D:6)
  2 ufetubi
  An ooze (D:4)
  2 adder skeletons
  An adder zombie (D:6)
  A worm (D:3)
  2 dart slugs (D:1)
  2 leopard geckos
  53 orcs
  4 ball pythons
  2 giant cockroaches
  2 gnoll zombies (D:6)
  5 goblins
  5 hobgoblins
  10 jackals
  9 kobolds
  4 quokkas
  4 bats
  2 frilled lizards
  A leopard gecko skeleton (D:4)
  2 quokka skeletons
  6 rats
316 creatures vanquished.

Vanquished Creatures (collateral kills)
  3 gargoyles (D:7)
  An orc warrior (D:5)
  A sky beast (D:6)
  A centaur (D:6)
  A scorpion (D:7)
  A bullfrog skeleton (D:2)
  An orc wizard (D:7)
  An iguana (D:4)
  Jessica (D:3)
  3 adders
  An adder skeleton (D:6)
  3 worms
  6 orcs
  2 giant cockroaches
  A goblin (D:3)
  4 hobgoblins
  A jackal (D:2)
  A kobold (D:3)
  2 quokkas
  2 ball pythons
  5 rats
42 creatures vanquished.

Vanquished Creatures (others)
  12 plants
12 creatures vanquished.

Grand Total: 370 creatures vanquished

Notes
Turn   | Place    | Note
-------+----------+-------------------------------------------
     0 | D:1      | Ignak the Ogre Hedge Wizard began the quest for the Orb.
     0 | D:1      | Reached XP level 1. HP: 16/16 MP: 5/5
   396 | D:1      | Reached skill level 1 in Conjurations
   396 | D:1      | Reached skill level 1 in Summonings
   396 | D:1      | Reached skill level 1 in Translocations
   406 | D:1      | Reached XP level 2. HP: 8/26 MP: 0/6
   409 | D:1      | Learned a level 2 spell: Blink
   412 | D:1      | Learned a level 2 spell: Call Imp
  1014 | D:1      | Reached skill level 1 in Fighting
  1626 | D:2      | Reached skill level 1 in Maces & Flails
  1626 | D:2      | Reached XP level 3. HP: 12/33 MP: 4/8
  1820 | D:2      | Learned a level 3 spell: Mephitic Cloud
  1990 | D:2      | Reached XP level 4. HP: 19/41 MP: 6/9
  2223 | D:2      | Noticed an air elemental
  2225 | D:2      | Found a stormy altar of Qazlal.
  2635 | D:2      | Noticed an earth elemental
  2636 | D:2      | Noticed a fire elemental
  2636 | D:2      | Noticed a water elemental
  2642 | D:2      | Reached skill level 1 in Unarmed Combat
  2794 | D:2      | Found a snail-covered altar of Cheibriados.
  2913 | D:3      | Found a blossoming altar of Fedhas.
  2915 | D:3      | Noticed Terence
  2941 | D:3      | Killed Terence
  3248 | D:3      | Found a shimmering altar of Xom.
  3277 | D:3      | Reached XP level 5. HP: 40/49 MP: 5/11
  3384 | D:3      | Reached skill level 2 in Fighting
  3576 | D:3      | Found a shadowy altar of Dithmenos.
  3852 | D:3      | Noticed Jessica
  3870 | D:3      | Killed Jessica
  4355 | D:3      | Reached XP level 6. HP: 56/59 MP: 5/12
  4443 | D:4      | Gained mutation: Your magical capacity is low. (-10% MP)
                  | [potion of mutation]
  4443 | D:4      | Gained mutation: You have sharp toenails. [potion of
                  | mutation]
  4443 | D:4      | Gained mutation: You possess an exceptional clarity of
                  | mind. [potion of mutation]
  4443 | D:4      | Gained mutation: You are agile. (Dex +2) [potion of
                  | mutation]
  4499 | D:4      | Noticed a sky beast
  4512 | D:4      | Killed a sky beast
  4513 | D:4      | Reached skill level 3 in Fighting
  4924 | D:4      | Reached XP level 7. HP: 68/68 MP: 8/12
  4936 | D:4      | Reached skill level 4 in Fighting
  5671 | D:5      | Entered Level 5 of the Dungeon
  5918 | D:5      | Found a staircase to the Ecumenical Temple.
  5929 | Temple   | Entered the Ecumenical Temple
  6487 | D:5      | Found a sacrificial altar of Ru.
  6939 | D:5      | Reached skill level 5 in Fighting
  6939 | D:5      | Reached XP level 8. HP: 79/80 MP: 8/13
  6987 | D:6      | Reached skill level 5 in Spellcasting
  7407 | D:6      | Reached skill level 6 in Fighting
  7564 | D:6      | Found a radiant altar of Vehumet.
  7801 | D:6      | Noticed Sigmund
  7807 | D:6      | Killed Sigmund
  7808 | D:6      | Reached skill level 5 in Dodging
  7852 | D:6      | Reached XP level 9. HP: 90/92 MP: 15/15
  7942 | D:6      | Found a basalt altar of Yredelemnul.
  7971 | D:6      | Reached skill level 5 in Maces & Flails
  8115 | D:7      | Reached skill level 7 in Fighting
  8268 | D:7      | Noticed a two-headed ogre
  8291 | D:7      | Killed a two-headed ogre
  8292 | D:7      | Reached skill level 8 in Fighting
  8546 | D:7      | Noticed a gargoyle
  8546 | D:7      | Noticed a gargoyle
  8547 | D:7      | Noticed a gargoyle
  8547 | D:7      | Noticed a gargoyle
  8552 | D:7      | Killed a gargoyle
  8651 | D:7      | Killed a gargoyle
  8794 | D:7      | Noticed a gargoyle
  8870 | D:7      | Killed a gargoyle
  8871 | D:7      | Reached skill level 9 in Fighting
  8871 | D:7      | Reached XP level 10. HP: 78/107 MP: 12/18
  9084 | D:7      | Killed a gargoyle
  9244 | D:8      | Found a glowing golden altar of the Shining One.
  9245 | D:8      | Found a shimmering blue altar of Sif Muna.
  9324 | D:7      | Killed a gargoyle
  9602 | D:8      | Found an iron altar of Okawaru.
  9616 | D:8      | Became a worshipper of Warmaster Okawaru
  9643 | D:8      | Learned a level 2 spell: Swiftness
  9653 | D:8      | Got a flickering iron ring
  9656 | D:8      | Identified the cursed ring "Rienawya" {rElec rPois rF- AC-4
                  | Int+5} (You found it on level 8 of the Dungeon)
  9705 | D:8      | Found an opulent altar of Gozag.
  9994 | D:8      | Found an ancient bone altar of Kikubaaqudgha.
 10025 | D:8      | Learned a level 6 spell: Invisibility
 10034 | D:8      | Reached skill level 10 in Fighting
 10213 | D:8      | Found a large runed translucent door.
 10214 | D:8      | Found a large runed translucent door.
 10215 | D:8      | Noticed DungeonDestroyer's ghost (novice GnFi)
 10230 | D:8      | Found a white marble altar of Elyvilon.
 10275 | D:8      | Found Jussireg's Distillery.
 10385 | D:8      | Reached skill level 1 in Hexes
 10719 | D:9      | Reached * piety under Okawaru
 10732 | D:9      | Noticed Gastronok
 10771 | D:9      | Killed Gastronok
 10772 | D:9      | Reached XP level 11. HP: 33/118 MP: 16/20
 11026 | D:9      | Learned a level 1 spell: Beastly Appendage
 11384 | D:10     | Entered Level 10 of the Dungeon
 11762 | D:10     | Reached ** piety under Okawaru
 12206 | D:10     | Reached skill level 1 in Transmutations
 12467 | D:10     | Found Tuarradieg's Island Escapes.
 12536 | D:10     | Bought a scroll of blinking for 97 gold pieces
 12675 | D:10     | Reached skill level 11 in Fighting
 12718 | D:11     | Noticed a red ugly thing
 12729 | D:10     | Learned a level 2 spell: Wereblood
 12738 | D:10     | Killed a red ugly thing
 12905 | D:11     | Reached skill level 5 in Hexes
 12907 | D:11     | Reached *** piety under Okawaru
 13075 | D:11     | Noticed a cyan ugly thing
 13092 | D:11     | Killed a cyan ugly thing
 13261 | D:11     | Found a staircase to the Orcish Mines.
 13267 | D:11     | Noticed a purple ugly thing
 13279 | D:11     | Killed a purple ugly thing
 13282 | D:11     | Reached **** piety under Okawaru
 13286 | D:11     | Reached XP level 12. HP: 109/130 MP: 20/22
 13422 | D:11     | Found a staircase to the Lair.
 13480 | D:11     | Found Plog's Gadget Shoppe.
 13685 | D:12     | Noticed a two-headed ogre
 13694 | D:12     | Killed a two-headed ogre
 13772 | D:12     | Noticed a two-headed ogre
 13838 | D:11     | Killed a two-headed ogre
 14027 | Lair:1   | Entered Level 1 of the Lair of Beasts
 14076 | Orc:1    | Entered Level 1 of the Orcish Mines
 14378 | Orc:1    | Reached ***** piety under Okawaru
 15040 | Orc:2    | Entered Level 2 of the Orcish Mines
 15040 | Orc:2    | Noticed Jorgrun
 15050 | Orc:2    | Killed Jorgrun
 15051 | Orc:2    | Reached skill level 1 in Armour
 15261 | Orc:1    | Reached skill level 12 in Fighting
 15417 | Orc:2    | Found a staircase to the Elven Halls.
 15491 | Orc:2    | Noticed an orc high priest
 15500 | Orc:2    | Killed an orc high priest
 15500 | Orc:2    | Received a gift from Okawaru
 15554 | Orc:2    | Paralysed by an orc sorcerer for 7 turns
 15560 | Orc:2    | Killed from afar by an orc priest

Illustrated notes

Levels and vault maps discovered:
D:1:      giann_bridges, layout_loops_cross
D:2:      layout_loops_ring, marbit_many_paths,
          nicolae_qazlal_style_of_elements, serial_bayou_ford_a
D:3:      wander_river, layout_loops_ring, grunt_dithmenos_smoke,
          fedhas_altar_fruit_tree, brannock_xom_greatest_gift, uniq_jessica,
          uniq_terence
D:4:      wad_river_or_something, layout_basic, kennysheep_generic_room_7
D:5:      layout_basic, nicolae_ru_the_path_less_chosen, temple_fountains
D:6:      layout_gridville, old_standard_altar, lemuel_zombie_altar_yredelemnul,
          kennysheep_generic_room_5, uniq_sigmund
D:7:      cheibrodos_statue_roulette, layout_rooms
D:8:      layout_basic, old_standard_altar, elyvilon_altar_1,
          gammafunk_temple_overflow_forgotten, grunt_gozag_breadcrumbs,
          ebering_ghost_disaster_area, serial_shops, shop
D:9:      layout_roguey, uniq_gastronok
D:10:     layout_basic, nicolae_island_escapes
D:11:     layout_roguey, dpeg_oklobed_lair, orc_david_3, serial_shops,
          shop_statue
D:12:     layout_roguey, dk_noncrumbling_3, water_maze_lemuel, uniq_erolcha
Temple:   jpeg_temple_island
Lair:1:   layout_small_grid, infiniplex_staircase_pool, uniq_maggie, uniq_fannar
Orc:1:    layout_diamond_mine, mines2_david
Orc:2:    st_orc_congregation, layout_caves, okawaru_metal_pillars_3,
          uniq_jorgrun

Skill      XL: |  1  2  3  4  5  6  7  8  9 10 11 12 |
---------------+-------------------------------------+-----
Conjurations   | 1 2 3 |  3.4
Summonings     | 1 |  1.3
Translocations | 1 |  1.2
Fighting       | 1 2 3 5 6 9 10 11 12 | 12.1
Maces & Flails | 1 2 3 4 6 7 8 |  8.9
Dodging        | 2 3 4 5 6 7 8 9 |  9.0
Unarmed Combat | 1 |  1.0
Spellcasting   | 4 5 6 7 8 9 |  9.5
Hexes          | 3 5 7 |  7.3
Transmutations | 2 3 |  3.0
Armour         | 1 |  1.6
Stealth        | |  1.4

Action                   |  1- 3 |  4- 6 |  7- 9 | 10-12 || total
-------------------------+-------+-------+-------+-------++-------
Melee: Club              |    63 |    36 |       |       ||    99
       Dagger            |     6 |    21 |       |       ||    27
       Punch             |     1 |     1 |     2 |       ||     4
       Short sword       |       |   153 |   116 |       ||   269
       Kick              |       |    15 |    61 |   121 ||   197
       Giant spiked club |       |       |   107 |   497 ||   604
       Dire flail        |       |       |     9 |       ||     9
       Headbutt          |       |       |       |    26 ||    26
Throw: Dart              |       |     2 |       |       ||     2
 Cast: Magic Dart        |    12 |     8 |       |    38 ||    58
       Call Imp          |    14 |    41 |    50 |     8 ||   113
       Mephitic Cloud    |       |     4 |     9 |    18 ||    31
       Blink             |       |     1 |     1 |     9 ||    11
       Beastly Appendage |       |       |       |    27 ||    27
       Wereblood         |       |       |       |    11 ||    11
Invok: Heroism           |       |       |       |     1 ||     1
Evoke: Wand              |       |       |     1 |     4 ||     5
  Use: Potion            |     1 |     5 |     3 |     4 ||    13
       Scroll            |       |     4 |    15 |    15 ||    34
 Stab: Sleeping          |     1 |     2 |     1 |     3 ||     7
       Confused          |       |     2 |     4 |     1 ||     7
       Distracted        |       |       |     1 |     1 ||     2
Armor: Robe              |    16 |    83 |    78 |   186 ||   363
       Troll leather arm |       |       |       |    33 ||    33
Dodge: Dodged            |    45 |   101 |   151 |   454 ||   751

Table legend: (Time is in decaauts)
 A = Elapsed time spent in this place.
 B = Non-inter-level travel time spent in this place.
 C = Inter-level travel time spent in this place.
 D = Time resting spent in this place.
 E = Time spent auto-exploring this place.
 F = Levels seen in this place.
 G = Mean time per level.
                   A        B        C        D        E       F      G
               +--------+--------+--------+--------+--------+-----+--------+
         Total |  15870 |  15592 |    278 |   4405 |   6393 |  16 |  991.9 |
       Dungeon |  14163 |  13906 |    257 |   3958 |   5855 |  12 | 1180.2 |
        Temple |    260 |    260 |      0 |      0 |    220 |   1 |  260.0 |
          Lair |      1 |      1 |      0 |      0 |      0 |   1 |    1.0 |
  Orcish Mines |   1444 |   1423 |     21 |    447 |    318 |   2 |  722.0 |
               +--------+--------+--------+--------+--------+-----+--------+

Top non-repeatable levels by time:
     D:7: 1559 daAuts
     D:3: 1558 daAuts
     D:1: 1523 daAuts
     D:2: 1389 daAuts
    D:11: 1371 daAuts
    D:10: 1292 daAuts
     D:4: 1216 daAuts
     D:5: 1183 daAuts
   Orc:1: 1177 daAuts
     D:9: 1083 daAuts
     D:6: 968 daAuts
     D:8: 961 daAuts
   Orc:2: 266 daAuts
  Temple: 260 daAuts
    D:12: 55 daAuts
